Connexion

MONTREAL Canadiens vs TORONTO Maple Leafs (R4)

Created - 2 novembre 2023 at 05:59

Goals
1 2 3 T
MONTREAL Canadiens 1 0 1 2
TORONTO Maple Leafs 3 1 0 4
Shots
1 2 3 T
MONTREAL Canadiens 13 11 10 34
TORONTO Maple Leafs 10 4 4 18

GoalsPenalties
1st period
1. TORONTO Maple Leafs , Mason Marchment 10 (Brady Tkachuk 4, Jakub Vrana 8) at 2:02
2. TORONTO Maple Leafs , Corey Perry 6 (Jack Mcbain 4) at 5:19
3. TORONTO Maple Leafs , Mason Marchment 11 (Alex Goligoski 5, Jakub Vrana 9) at 10:10 (SH)
4. MONTREAL Canadiens , Jake Guentzel 8 (Kailer Yamamoto 15, Joel Edmundson 6) at 16:18
Alex Debrincat (TOR) for High sticking (Minor) at 3:03
Chad Ruhwedel (TOR) for Boarding (Minor) at 8:45
Carl Grundstrom (MTL) for Hooking (Minor) at 16:50
Derick Brassard (TOR) for Hooking (Minor) at 19:11
2nd period
5. TORONTO Maple Leafs , Corey Perry 7 (Jake Muzzin 12, Mason Marchment 10) at 12:59 (PP)
Jake Muzzin (TOR) for Cross-checking (Minor) at 1:30
Jake Guentzel (MTL) for Hooking (Minor) at 1:30
Jake Muzzin (TOR) for Hooking (Minor) at 5:49
Alex Goligoski (TOR) for Holding (Minor) at 6:57
Alex Goligoski (TOR) for Hooking (Minor) at 9:27
Carl Grundstrom (MTL) for Hooking (Minor) at 11:56
Sebastian Aho (TOR) for Hooking (Minor) at 14:37
Kyle Capobianco (MTL) for Holding (Minor) at 17:08
3rd period
6. MONTREAL Canadiens , Isac Lundestrom 9 (Boone Jenner 13, Kris Letang 10) at 13:10
Jordan Kyrou (TOR) for Tripping (Minor) at 9:44
Boone Jenner (MTL) for Hooking (Minor) at 9:44
Corey Perry (TOR) for Hooking (Minor) at 14:06
Joel Edmundson (MTL) for Hooking (Minor) at 19:22
Goalie Stats
Sergei Bobrovsky (MTL), 7 saves from 11 shots - (0,636), L, 3-7-1, 32:59 minutes
Kevin Lankinen (MTL), 7 saves from 7 shots - (1,000), 27:01 minutes
Carter Hart (TOR), 32 saves from 34 shots - (0,941), W, 12-8-2, 60:00 minutes
3 StarsOfficial
1 - Mason Marchment (TOR)
2 - Corey Perry (TOR)
3 - Jakub Vrana (TOR)
Referees : Chris Ciamaga and Dennis LaRue
Linesman : Michel Cormier and Darren Gibbs
Game Note
Kevin Lankinen enters game at 12:59 of 2nd period
Finance
Level 1 -- Attendance: 6000 (100,00%) -- Ticket Income 780 000 $
Level 2 -- Attendance: 5200 (89,36%) -- Ticket Income 390 000 $
Level 3 -- Attendance: 1984 (99,20%) -- Ticket Income 99 200 $
Level 4 -- Attendance: 4000 (100,00%) -- Ticket Income 120 000 $
Luxury Box -- Attendance: 990 (99,00%) -- Ticket Income 257 400 $
Game was played at the Air Canada Centre.
Total Attendance: 18174 (96,57%)
Total Ticket Income: 1 646 600 $
Other Income: 329 320 $
Total Income: 1 975 920 $



Team Name Goals Shots Shots Attemp Shots Blocked PIM HIT PP PK FO%
MONTREAL Canadiens 23460212220 / 8 (0%)154%
TORONTO Maple Leafs 41829820251 / 4 (25%)046%

MONTREAL Canadiens
Player Name POS G A P +/- PIM HIT SHT SB MP PP MP PP SHT PK MP PK SHT FO% FOT
Boone JennerC/LW0110231017:076:5701:08054% 24
Brett HowdenC/LW000-100105:210:0000:00080% 5
Brock BoeserRW000-1002018:596:5710:0000% 0
Cam AtkinsonLW/RW0000002019:278:0401:0800% 1
Carl GrundstromRW000-140105:100:0000:0000% 0
Dakota MermisD000-1043022:147:1021:3800% 0
Gabriel VilardiC/RW0001001010:460:0001:1800% 0
Isac LundestromC/LW1011002110:200:0000:18050% 2
Jake GuentzelC/LW/RW1010204012:010:0000:00070% 10
Joel EdmundsonD0111244019:177:2321:3800% 0
Kailer YamamotoC/LW/RW011-1012018:596:5710:0000% 0
Kris LetangD0112031023:357:3814:0000% 0
Kyle CapobiancoD000-2240014:210:2400:0000% 0
Matthew BenningD000-2001114:160:0000:1800% 0
Patrick KaneC/RW0000025023:598:0444:12040% 20
Phil KesselC/RW000-101205:120:0000:0000% 0
Tyler SeguinC/RW0000001022:598:0413:12056% 9
Tyson BarrieD0000001026:157:2713:4200% 0
TORONTO Maple Leafs
Player Name POS G A P +/- PIM HIT SHT SB MP PP MP PP SHT PK MP PK SHT FO% FOT
Alex ChiassonLW/RW000-100003:580:0000:1500% 0
Alex DebrincatC/LW/RW0000231124:243:1308:1200% 0
Alex GoligoskiD0112430121:522:2405:0600% 0
Brady TkachukLW0110020011:490:0000:0000% 0
Chad RuhwedelD000-1251222:163:1415:4700% 0
Christopher WagnerC/RW000000002:030:0002:030100% 1
Corey PerryRW2020225014:572:2510:0000% 1
Derick BrassardC/LW/RW000-120005:040:3400:00050% 4
Dominik KahunC/LW/RW000100008:500:0000:0000% 0
Drew DoughtyD0000020011:080:0000:0000% 0
Jack McbainC011100008:500:0000:00050% 6
Jake MuzzinD0110411022:462:2407:5400% 0
Jakub VranaLW/RW0221002020:582:3904:3110% 0
Jonathan HuberdeauC/LW0000032013:262:2510:0000% 0
Jordan KyrouC/RW0000203125:033:1319:39039% 41
Mason MarchmentC/LW2131003020:442:2504:31161% 18
Quinn HughesD000-1010226:323:1408:1700% 0
Sebastian AhoD0002230115:200:0002:5700% 0



Play-by-Play

1st period


0:01 of 1st period - Tyler Seguin wins face-off versus Jordan Kyrou in neutral zone.
0:25 of 1st period - Quinn Hughes is hit by Dakota Mermis and loses puck.
1:20 of 1st period - Shot by Jake Guentzel.
1:20 of 1st period - Stopped by Carter Hart without a rebound.
1:21 of 1st period - Jack Mcbain wins face-off versus Boone Jenner in TORONTO Maple Leafs zone.
1:31 of 1st period - Shot by Isac Lundestrom.
1:31 of 1st period - Shot Misses the Net.
1:33 of 1st period - Shot by Matthew Benning.
1:33 of 1st period - Stopped by Carter Hart without a rebound.
1:34 of 1st period - Mason Marchment wins face-off versus Brett Howden in TORONTO Maple Leafs zone.
1:34 of 1st period - Mason Marchment is hit by Phil Kessel.
2:02 of 1st period - Shot by Mason Marchment.
2:02 of 1st period - Goal by Mason Marchment - MONTREAL Canadiens : 0 - TORONTO Maple Leafs : 1.
2:03 of 1st period - Isac Lundestrom wins face-off versus Derick Brassard in neutral zone.
2:21 of 1st period - Gabriel Vilardi is hit by Corey Perry and loses puck.
2:59 of 1st period - Kris Letang is hit by Jonathan Huberdeau and loses puck.
3:03 of 1st period - Minor Penalty to Alex Debrincat for High sticking.
3:04 of 1st period - Patrick Kane wins face-off versus Jordan Kyrou in TORONTO Maple Leafs zone.
3:33 of 1st period - Shot by Patrick Kane.
3:33 of 1st period - Stopped by Carter Hart without a rebound.
3:34 of 1st period - Jordan Kyrou wins face-off versus Boone Jenner in TORONTO Maple Leafs zone.
3:34 of 1st period - Jordan Kyrou is hit by Boone Jenner.
4:19 of 1st period - Shot by Tyler Seguin.
4:19 of 1st period - Shot Misses the Net.
4:21 of 1st period - Shot by Patrick Kane.
4:21 of 1st period - Stopped by Carter Hart without a rebound.
4:22 of 1st period - Mason Marchment wins face-off versus Patrick Kane in TORONTO Maple Leafs zone.
5:19 of 1st period - Shot by Corey Perry.
5:19 of 1st period - Goal by Corey Perry - MONTREAL Canadiens : 0 - TORONTO Maple Leafs : 2.
5:20 of 1st period - Brett Howden wins face-off versus Mason Marchment in neutral zone.
5:44 of 1st period - Shot by Jakub Vrana.
5:44 of 1st period - Stopped by Sergei Bobrovsky without a rebound.
5:45 of 1st period - Jake Guentzel wins face-off versus Jordan Kyrou in MONTREAL Canadiens zone.
5:45 of 1st period - Jake Guentzel is hit by Jonathan Huberdeau.
6:18 of 1st period - Quinn Hughes is hit by Kyle Capobianco and loses puck.
8:17 of 1st period - Kris Letang is hit by Alex Goligoski and loses puck.
8:22 of 1st period - Shot by Isac Lundestrom.
8:22 of 1st period - Stopped by Carter Hart with a rebound.
8:24 of 1st period - Shot by Isac Lundestrom.
8:24 of 1st period - Shot Misses the Net.
8:36 of 1st period - Shot by Phil Kessel.
8:36 of 1st period - Stopped by Carter Hart without a rebound.
8:37 of 1st period - Brett Howden wins face-off versus Jordan Kyrou in TORONTO Maple Leafs zone.
8:41 of 1st period - Phil Kessel is hit by Chad Ruhwedel and loses puck.
8:45 of 1st period - Minor Penalty to Chad Ruhwedel for Boarding.
8:46 of 1st period - Patrick Kane wins face-off versus Jordan Kyrou in TORONTO Maple Leafs zone.
9:58 of 1st period - Icing by Kailer Yamamoto.
9:59 of 1st period - Mason Marchment wins face-off versus Boone Jenner in MONTREAL Canadiens zone.
10:10 of 1st period - Shot by Mason Marchment.
10:10 of 1st period - Goal by Mason Marchment - MONTREAL Canadiens : 0 - TORONTO Maple Leafs : 3.
10:11 of 1st period - Patrick Kane wins face-off versus Jordan Kyrou in neutral zone.
10:17 of 1st period - Off-side.
10:18 of 1st period - Boone Jenner wins face-off versus Jordan Kyrou in neutral zone.
10:29 of 1st period - Shot by Dakota Mermis.
10:29 of 1st period - Stopped by Carter Hart without a rebound.
10:30 of 1st period - Patrick Kane wins face-off versus Mason Marchment in TORONTO Maple Leafs zone.
10:45 of 1st period - Shot by Patrick Kane.
10:45 of 1st period - Shot Misses the Net.
12:11 of 1st period - Cam Atkinson is hit by Drew Doughty and loses puck.
12:19 of 1st period - Drew Doughty is hit by Patrick Kane and loses puck.
12:43 of 1st period - Icing by Tyler Seguin.
12:44 of 1st period - Tyler Seguin wins face-off versus Mason Marchment in MONTREAL Canadiens zone.
12:44 of 1st period - Cam Atkinson is hit by Brady Tkachuk and loses puck.
13:19 of 1st period - Shot by Gabriel Vilardi.
13:19 of 1st period - Shot Blocked by Sebastian Aho.
13:21 of 1st period - Shot by Boone Jenner.
13:21 of 1st period - Stopped by Carter Hart with a rebound.
13:23 of 1st period - Shot by Gabriel Vilardi.
13:23 of 1st period - Stopped by Carter Hart without a rebound.
13:24 of 1st period - Jack Mcbain wins face-off versus Jake Guentzel in TORONTO Maple Leafs zone.
13:46 of 1st period - Dominik Kahun is hit by Kyle Capobianco and loses puck.
13:51 of 1st period - Shot by Corey Perry.
13:51 of 1st period - Stopped by Sergei Bobrovsky with a rebound.
13:53 of 1st period - Shot by Corey Perry.
13:53 of 1st period - Stopped by Sergei Bobrovsky without a rebound.
13:54 of 1st period - Boone Jenner wins face-off versus Jordan Kyrou in MONTREAL Canadiens zone.
14:13 of 1st period - Shot by Jordan Kyrou.
14:13 of 1st period - Shot Blocked by Isac Lundestrom.
14:15 of 1st period - Shot by Jonathan Huberdeau.
14:15 of 1st period - Stopped by Sergei Bobrovsky without a rebound.
14:16 of 1st period - Mason Marchment wins face-off versus Tyler Seguin in MONTREAL Canadiens zone.
14:29 of 1st period - Mason Marchment is hit by Patrick Kane and loses puck.
14:42 of 1st period - Shot by Patrick Kane.
14:42 of 1st period - Shot Misses the Net.
14:44 of 1st period - Shot by Dakota Mermis.
14:44 of 1st period - Stopped by Carter Hart with a rebound.
15:23 of 1st period - Jonathan Huberdeau is hit by Dakota Mermis.
15:25 of 1st period - Shot by Alex Debrincat.
15:25 of 1st period - Shot Misses the Net.
15:54 of 1st period - Jordan Kyrou is hit by Joel Edmundson and loses puck.
16:14 of 1st period - Shot by Jake Guentzel.
16:14 of 1st period - Shot Misses the Net.
16:16 of 1st period - Shot by Kailer Yamamoto.
16:16 of 1st period - Stopped by Carter Hart with a rebound.
16:18 of 1st period - Shot by Jake Guentzel.
16:18 of 1st period - Goal by Jake Guentzel - MONTREAL Canadiens : 1 - TORONTO Maple Leafs : 3.
16:19 of 1st period - Brett Howden wins face-off versus Corey Perry in neutral zone.
16:50 of 1st period - Minor Penalty to Carl Grundstrom for Hooking.
16:51 of 1st period - Jordan Kyrou wins face-off versus Patrick Kane in MONTREAL Canadiens zone.
17:06 of 1st period - Shot by Jordan Kyrou.
17:06 of 1st period - Stopped by Sergei Bobrovsky without a rebound.
17:07 of 1st period - Mason Marchment wins face-off versus Patrick Kane in MONTREAL Canadiens zone.
17:13 of 1st period - Corey Perry is hit by Joel Edmundson and loses puck.
17:30 of 1st period - Shot by Jonathan Huberdeau.
17:30 of 1st period - Stopped by Sergei Bobrovsky with a rebound.
17:32 of 1st period - Shot by Quinn Hughes.
17:32 of 1st period - Shot Misses the Net.
17:34 of 1st period - Shot by Chad Ruhwedel.
17:34 of 1st period - Stopped by Sergei Bobrovsky without a rebound.
17:35 of 1st period - Jordan Kyrou wins face-off versus Cam Atkinson in MONTREAL Canadiens zone.
19:11 of 1st period - Minor Penalty to Derick Brassard for Hooking.
19:12 of 1st period - Boone Jenner wins face-off versus Jordan Kyrou in TORONTO Maple Leafs zone.
19:13 of 1st period - Shot by Dakota Mermis.
19:13 of 1st period - Shot Misses the Net.
19:15 of 1st period - Shot by Kailer Yamamoto.
19:15 of 1st period - Stopped by Carter Hart without a rebound.
19:16 of 1st period - Jordan Kyrou wins face-off versus Boone Jenner in TORONTO Maple Leafs zone.
19:16 of 1st period - Jordan Kyrou is hit by Boone Jenner.
19:46 of 1st period - Shot by Kailer Yamamoto.
19:46 of 1st period - Shot Blocked by Alex Debrincat.
Goals for this period are 1 for MONTREAL Canadiens vs 3 for TORONTO Maple Leafs.
Shots for this period are 13 for MONTREAL Canadiens vs 10 for TORONTO Maple Leafs.

2nd period


0:01 of 2nd period - Patrick Kane wins face-off versus Jordan Kyrou in neutral zone.
1:23 of 2nd period - Shot by Jack Mcbain.
1:23 of 2nd period - Shot Blocked by Matthew Benning.
1:30 of 2nd period - Minor Penalty to Jake Muzzin for Cross-checking.
1:30 of 2nd period - Minor Penalty to Jake Guentzel for Hooking.
1:31 of 2nd period - Jordan Kyrou wins face-off versus Isac Lundestrom in TORONTO Maple Leafs zone.
4:56 of 2nd period - Isac Lundestrom is hit by Jake Muzzin and loses puck.
5:49 of 2nd period - Minor Penalty to Jake Muzzin for Hooking.
5:50 of 2nd period - Jordan Kyrou wins face-off versus Patrick Kane in TORONTO Maple Leafs zone.
6:05 of 2nd period - Shot by Patrick Kane.
6:05 of 2nd period - Stopped by Carter Hart with a rebound.
6:13 of 2nd period - Shot by Tyler Seguin.
6:13 of 2nd period - Stopped by Carter Hart without a rebound.
6:14 of 2nd period - Jordan Kyrou wins face-off versus Boone Jenner in TORONTO Maple Leafs zone.
6:14 of 2nd period - Jordan Kyrou is hit by Boone Jenner.
6:24 of 2nd period - Shot by Brock Boeser.
6:24 of 2nd period - Stopped by Carter Hart without a rebound.
6:25 of 2nd period - Jordan Kyrou wins face-off versus Patrick Kane in TORONTO Maple Leafs zone.
6:56 of 2nd period - Shot by Tyler Seguin.
6:56 of 2nd period - Deflect By Patrick Kane.
6:56 of 2nd period - Stopped by Carter Hart without a rebound.
6:57 of 2nd period - Boone Jenner wins face-off versus Jordan Kyrou in TORONTO Maple Leafs zone.
6:57 of 2nd period - Minor Penalty to Alex Goligoski for Holding.
6:58 of 2nd period - Christopher Wagner wins face-off versus Boone Jenner in TORONTO Maple Leafs zone.
7:06 of 2nd period - Dakota Mermis is hit by Sebastian Aho and loses puck.
7:19 of 2nd period - Shot by Joel Edmundson.
7:19 of 2nd period - Stopped by Carter Hart with a rebound.
8:10 of 2nd period - Icing by Tyler Seguin.
8:11 of 2nd period - Patrick Kane wins face-off versus Jordan Kyrou in MONTREAL Canadiens zone.
8:21 of 2nd period - Icing by Kris Letang.
8:22 of 2nd period - Jordan Kyrou wins face-off versus Patrick Kane in MONTREAL Canadiens zone.
8:22 of 2nd period - Alex Debrincat is hit by Kris Letang and loses puck.
8:32 of 2nd period - Off-side.
8:33 of 2nd period - Boone Jenner wins face-off versus Jordan Kyrou in neutral zone.
9:27 of 2nd period - Shot by Carl Grundstrom.
9:27 of 2nd period - Stopped by Carter Hart without a rebound.
9:27 of 2nd period - Minor Penalty to Alex Goligoski for Hooking.
9:28 of 2nd period - Jordan Kyrou wins face-off versus Patrick Kane in TORONTO Maple Leafs zone.
9:42 of 2nd period - Shot by Tyson Barrie.
9:42 of 2nd period - Shot Blocked by Quinn Hughes.
9:44 of 2nd period - Shot by Tyler Seguin.
9:44 of 2nd period - Shot Misses the Net.
9:46 of 2nd period - Shot by Tyson Barrie.
9:46 of 2nd period - Shot Misses the Net.
10:00 of 2nd period - Shot by Tyson Barrie.
10:00 of 2nd period - Stopped by Carter Hart without a rebound.
10:01 of 2nd period - Boone Jenner wins face-off versus Mason Marchment in TORONTO Maple Leafs zone.
10:06 of 2nd period - Shot by Brock Boeser.
10:06 of 2nd period - Shot Misses the Net.
10:08 of 2nd period - Shot by Kailer Yamamoto.
10:08 of 2nd period - Shot Misses the Net.
10:10 of 2nd period - Shot by Brock Boeser.
10:10 of 2nd period - Shot Blocked by Chad Ruhwedel.
10:12 of 2nd period - Shot by Dakota Mermis.
10:12 of 2nd period - Stopped by Carter Hart without a rebound.
10:13 of 2nd period - Jordan Kyrou wins face-off versus Boone Jenner in TORONTO Maple Leafs zone.
10:23 of 2nd period - Icing by Joel Edmundson.
10:24 of 2nd period - Jordan Kyrou wins face-off versus Boone Jenner in MONTREAL Canadiens zone.
11:43 of 2nd period - Shot by Dominik Kahun.
11:43 of 2nd period - Shot Misses the Net.
11:56 of 2nd period - Minor Penalty to Carl Grundstrom for Hooking.
11:57 of 2nd period - Patrick Kane wins face-off versus Jordan Kyrou in MONTREAL Canadiens zone.
12:39 of 2nd period - Shot by Jordan Kyrou.
12:39 of 2nd period - Shot Misses the Net.
12:41 of 2nd period - Shot by Alex Debrincat.
12:41 of 2nd period - Shot Misses the Net.
12:59 of 2nd period - Shot by Corey Perry.
12:59 of 2nd period - Goal by Corey Perry - MONTREAL Canadiens : 1 - TORONTO Maple Leafs : 4.
12:59 of 2nd period - Kevin Lankinen enters game.
13:00 of 2nd period - Jake Guentzel wins face-off versus Jack Mcbain in neutral zone.
13:20 of 2nd period - Shot by Corey Perry.
13:20 of 2nd period - Stopped by Kevin Lankinen without a rebound.
13:21 of 2nd period - Mason Marchment wins face-off versus Boone Jenner in MONTREAL Canadiens zone.
13:28 of 2nd period - Shot by Mason Marchment.
13:28 of 2nd period - Stopped by Kevin Lankinen without a rebound.
13:29 of 2nd period - Jake Guentzel wins face-off versus Jordan Kyrou in MONTREAL Canadiens zone.
13:46 of 2nd period - Shot by Kailer Yamamoto.
13:46 of 2nd period - Shot Misses the Net.
13:48 of 2nd period - Shot by Joel Edmundson.
13:48 of 2nd period - Stopped by Carter Hart without a rebound.
13:49 of 2nd period - Mason Marchment wins face-off versus Tyler Seguin in TORONTO Maple Leafs zone.
14:05 of 2nd period - Dakota Mermis is hit by Alex Goligoski and loses puck.
14:30 of 2nd period - Shot by Cam Atkinson.
14:30 of 2nd period - Shot Blocked by Alex Goligoski.
14:35 of 2nd period - Tyler Seguin is hit by Sebastian Aho and loses puck.
14:37 of 2nd period - Minor Penalty to Sebastian Aho for Hooking.
14:38 of 2nd period - Boone Jenner wins face-off versus Jordan Kyrou in TORONTO Maple Leafs zone.
14:51 of 2nd period - Shot by Kris Letang.
14:51 of 2nd period - Shot Blocked by Jordan Kyrou.
15:02 of 2nd period - Kailer Yamamoto is hit by Chad Ruhwedel and loses puck.
15:41 of 2nd period - Shot by Jakub Vrana.
15:41 of 2nd period - Shot Misses the Net.
15:43 of 2nd period - Shot by Jakub Vrana.
15:43 of 2nd period - Stopped by Kevin Lankinen without a rebound.
15:44 of 2nd period - Boone Jenner wins face-off versus Jordan Kyrou in MONTREAL Canadiens zone.
15:53 of 2nd period - Shot by Dakota Mermis.
15:53 of 2nd period - Shot Blocked by Quinn Hughes.
15:55 of 2nd period - Shot by Kailer Yamamoto.
15:55 of 2nd period - Shot Misses the Net.
15:57 of 2nd period - Shot by Joel Edmundson.
15:57 of 2nd period - Stopped by Carter Hart with a rebound.
17:04 of 2nd period - Corey Perry is hit by Kyle Capobianco and loses puck.
17:08 of 2nd period - Minor Penalty to Kyle Capobianco for Holding.
17:09 of 2nd period - Patrick Kane wins face-off versus Jordan Kyrou in MONTREAL Canadiens zone.
19:49 of 2nd period - Shot by Phil Kessel.
19:49 of 2nd period - Stopped by Carter Hart without a rebound.
19:50 of 2nd period - Jake Guentzel wins face-off versus Mason Marchment in TORONTO Maple Leafs zone.
Goals for this period are 0 for MONTREAL Canadiens vs 1 for TORONTO Maple Leafs.
Shots for this period are 11 for MONTREAL Canadiens vs 4 for TORONTO Maple Leafs.

3rd period


0:01 of 3rd period - Tyler Seguin wins face-off versus Jordan Kyrou in neutral zone.
0:20 of 3rd period - Shot by Tyler Seguin.
0:20 of 3rd period - Shot Misses the Net.
0:22 of 3rd period - Shot by Tyson Barrie.
0:22 of 3rd period - Shot Misses the Net.
0:29 of 3rd period - Icing by Quinn Hughes.
0:30 of 3rd period - Jake Guentzel wins face-off versus Jordan Kyrou in TORONTO Maple Leafs zone.
0:30 of 3rd period - Jake Guentzel is hit by Chad Ruhwedel.
0:41 of 3rd period - Icing by Kris Letang.
0:42 of 3rd period - Mason Marchment wins face-off versus Jake Guentzel in MONTREAL Canadiens zone.
0:42 of 3rd period - Jakub Vrana is hit by Joel Edmundson and loses puck.
0:56 of 3rd period - Brock Boeser is hit by Sebastian Aho and loses puck.
1:20 of 3rd period - Brock Boeser is hit by Brady Tkachuk and loses puck.
1:54 of 3rd period - Cam Atkinson is hit by Quinn Hughes and loses puck.
1:59 of 3rd period - Shot by Cam Atkinson.
1:59 of 3rd period - Stopped by Carter Hart without a rebound.
2:00 of 3rd period - Jordan Kyrou wins face-off versus Boone Jenner in TORONTO Maple Leafs zone.
2:32 of 3rd period - Shot by Jordan Kyrou.
2:32 of 3rd period - Stopped by Kevin Lankinen without a rebound.
2:33 of 3rd period - Jack Mcbain wins face-off versus Tyler Seguin in MONTREAL Canadiens zone.
2:33 of 3rd period - Jack Mcbain is hit by Dakota Mermis.
2:59 of 3rd period - Shot by Tyler Seguin.
2:59 of 3rd period - Shot Misses the Net.
3:57 of 3rd period - Shot by Jake Guentzel.
3:57 of 3rd period - Stopped by Carter Hart with a rebound.
3:59 of 3rd period - Shot by Kris Letang.
3:59 of 3rd period - Shot Misses the Net.
4:13 of 3rd period - Shot by Kailer Yamamoto.
4:13 of 3rd period - Shot Blocked by Chad Ruhwedel.
6:24 of 3rd period - Shot by Brett Howden.
6:24 of 3rd period - Stopped by Carter Hart without a rebound.
6:25 of 3rd period - Tyler Seguin wins face-off versus Jordan Kyrou in TORONTO Maple Leafs zone.
6:38 of 3rd period - Shot by Cam Atkinson.
6:38 of 3rd period - Stopped by Carter Hart without a rebound.
6:39 of 3rd period - Derick Brassard wins face-off versus Jake Guentzel in TORONTO Maple Leafs zone.
6:54 of 3rd period - Shot by Jake Guentzel.
6:54 of 3rd period - Stopped by Carter Hart without a rebound.
6:55 of 3rd period - Tyler Seguin wins face-off versus Jordan Kyrou in TORONTO Maple Leafs zone.
6:56 of 3rd period - Shot by Patrick Kane.
6:56 of 3rd period - Shot Misses the Net.
7:12 of 3rd period - Shot by Alex Debrincat.
7:12 of 3rd period - Shot Misses the Net.
7:25 of 3rd period - Patrick Kane is hit by Chad Ruhwedel and loses puck.
8:09 of 3rd period - Icing by Brock Boeser.
8:10 of 3rd period - Jake Guentzel wins face-off versus Jack Mcbain in MONTREAL Canadiens zone.
8:23 of 3rd period - Shot by Brock Boeser.
8:23 of 3rd period - Stopped by Carter Hart without a rebound.
8:24 of 3rd period - Boone Jenner wins face-off versus Mason Marchment in TORONTO Maple Leafs zone.
8:53 of 3rd period - Alex Goligoski is hit by Kyle Capobianco and loses puck.
8:59 of 3rd period - Icing by Gabriel Vilardi.
9:00 of 3rd period - Jordan Kyrou wins face-off versus Boone Jenner in MONTREAL Canadiens zone.
9:06 of 3rd period - Boone Jenner is hit by Alex Debrincat and loses puck.
9:20 of 3rd period - Shot by Jordan Kyrou.
9:20 of 3rd period - Shot Misses the Net.
9:44 of 3rd period - Minor Penalty to Jordan Kyrou for Tripping.
9:44 of 3rd period - Minor Penalty to Boone Jenner for Hooking.
9:45 of 3rd period - Derick Brassard wins face-off versus Patrick Kane in neutral zone.
10:44 of 3rd period - Icing by Alex Goligoski.
10:45 of 3rd period - Mason Marchment wins face-off versus Patrick Kane in TORONTO Maple Leafs zone.
11:03 of 3rd period - Tyler Seguin is hit by Chad Ruhwedel and loses puck.
11:11 of 3rd period - Patrick Kane is hit by Alex Goligoski and loses puck.
11:23 of 3rd period - Jakub Vrana is hit by Kris Letang and loses puck.
11:34 of 3rd period - Isac Lundestrom is hit by Alex Debrincat and loses puck.
13:04 of 3rd period - Shot by Alex Debrincat.
13:04 of 3rd period - Stopped by Kevin Lankinen without a rebound.
13:05 of 3rd period - Boone Jenner wins face-off versus Mason Marchment in MONTREAL Canadiens zone.
13:10 of 3rd period - Shot by Boone Jenner.
13:10 of 3rd period - Deflect By Isac Lundestrom.
13:10 of 3rd period - Goal by Isac Lundestrom - MONTREAL Canadiens : 2 - TORONTO Maple Leafs : 4.
13:11 of 3rd period - Mason Marchment wins face-off versus Tyler Seguin in neutral zone.
13:51 of 3rd period - Shot by Cam Atkinson.
13:51 of 3rd period - Deflect By Patrick Kane.
13:51 of 3rd period - Stopped by Carter Hart without a rebound.
13:52 of 3rd period - Boone Jenner wins face-off versus Jordan Kyrou in TORONTO Maple Leafs zone.
13:52 of 3rd period - Boone Jenner is hit by Drew Doughty.
14:00 of 3rd period - Shot by Jordan Kyrou.
14:00 of 3rd period - Stopped by Kevin Lankinen with a rebound.
14:02 of 3rd period - Shot by Alex Debrincat.
14:02 of 3rd period - Shot Misses the Net.
14:04 of 3rd period - Shot by Jake Muzzin.
14:04 of 3rd period - Stopped by Kevin Lankinen without a rebound.
14:05 of 3rd period - Jake Guentzel wins face-off versus Derick Brassard in MONTREAL Canadiens zone.
14:05 of 3rd period - Jake Guentzel is hit by Corey Perry.
14:06 of 3rd period - Minor Penalty to Corey Perry for Hooking.
14:07 of 3rd period - Boone Jenner wins face-off versus Jordan Kyrou in TORONTO Maple Leafs zone.
14:51 of 3rd period - Shot by Kris Letang.
14:51 of 3rd period - Stopped by Carter Hart without a rebound.
14:52 of 3rd period - Jordan Kyrou wins face-off versus Patrick Kane in TORONTO Maple Leafs zone.
15:20 of 3rd period - Off-side.
15:21 of 3rd period - Boone Jenner wins face-off versus Jordan Kyrou in neutral zone.
15:21 of 3rd period - Tyson Barrie is hit by Alex Debrincat.
15:24 of 3rd period - Off-side.
15:25 of 3rd period - Jordan Kyrou wins face-off versus Patrick Kane in neutral zone.
16:06 of 3rd period - Chad Ruhwedel is hit by Kailer Yamamoto and loses puck.
17:46 of 3rd period - Quinn Hughes is hit by Dakota Mermis and loses puck.
19:03 of 3rd period - Patrick Kane is hit by Jonathan Huberdeau and loses puck.
19:10 of 3rd period - Shot by Joel Edmundson.
19:10 of 3rd period - Stopped by Carter Hart without a rebound.
19:11 of 3rd period - Brett Howden wins face-off versus Jack Mcbain in TORONTO Maple Leafs zone.
19:21 of 3rd period - Sebastian Aho is hit by Joel Edmundson.
19:22 of 3rd period - Minor Penalty to Joel Edmundson for Hooking.
19:23 of 3rd period - Mason Marchment wins face-off versus Patrick Kane in MONTREAL Canadiens zone.
19:23 of 3rd period - Jonathan Huberdeau is hit by Kris Letang and loses puck.
Goals for this period are 1 for MONTREAL Canadiens vs 0 for TORONTO Maple Leafs.
Shots for this period are 10 for MONTREAL Canadiens vs 4 for TORONTO Maple Leafs.